Workbook
Name emb: 'Pour commander (FR)'!$F$1:$F$3
Name emb: 'Ordering (EN)'!$F$1:$F$3

Sheet Liste ADBLPS 2025
A1: Selection | B1: Genre | C1: Espèce | D1: Auto stérile/fertile - Mois floraison - Taille florifère - Année récolte | E1: sachet base (g = graines) | F1: Prix de base | G1: Prix pour 100 graines | H1: Photo
B2: ACANTHOCALYCIUM Groupe A. spiniflorum (populations du sud) | J2: ACANTHOCALYCIUM Groupe A. spiniflorum (populations du sud) | K2: 2
B3: 1 | C3: klimpelianum (fleurs blanches) [SW_1004/92] | D3: s-5 à 6-d5-25 | E3: 20g | F3: 1,2€ | G3: 4,8€ | H3: Photo | J3: ACANTHOCALYCIUM Groupe A. spiniflorum (populations du sud) | K3: 3
B4: 2 | C4: peitscherianum [DH_156/90] | D4: s-5 à 6-d5-25 | E4: 20g | F4: 1,2€ | G4: 4,8€ | H4: Photo | J4: ACANTHOCALYCIUM Groupe A. spiniflorum (populations du sud) | K4: 4
B5: 3 | C5: peitscherianum [GK_6/90] | D5: s-5 à 6-d5-25 | E5: 20g | F5: 1,2€ | G5: 4,8€ | H5: Photo | J5: ACANTHOCALYCIUM Groupe A. spiniflorum (populations du sud) | K5: 5
B6: 4 | C6: peitscherianum P_208 > La Mudana 1000m/Cordoba/Argentine [MG_3.4/97] | D6: s-5 à 6-d5-25 | E6: 20g | F6: 1,3€ | G6: 5,2€ | H6: Photo | J6: ACANTHOCALYCIUM Groupe A. spiniflorum (populations du sud) | K6: 6
B7: 1874 | C7: peitscherianum aff. DJF_241 > N. Salsacate/Argentine [MG_3.34/97] | D7: s-5 à 6-d5-25 | E7: 20g | F7: 1,3€ | G7: 5,2€ | H7: Photo | J7: ACANTHOCALYCIUM Groupe A. spiniflorum (populations du sud) | K7: 7
B8: 5 | C8: sp. P_91 (fleurs blanches) > N. Cordoba/Argentine [GK_4576/92] | D8: s-5 à 6-d5-25 | E8: 20g | F8: 1,3€ | H8: Photo | I8: Nouvelle ref/New entry 2025-11-08 | J8: ACANTHOCALYCIUM Groupe A. spiniflorum (populations du sud) | K8: 8
B9: 6 | C9: spiniflorum B_15 > Cordoba 600m/Argentine [GK_1870/89] | D9: s-5 à 6-d5-25 | E9: 20g | F9: 1,3€ | G9: 5,2€ | H9: Photo | J9: ACANTHOCALYCIUM Groupe A. spiniflorum (populations du sud) | K9: 9
B10: 14190 | C10: spiniflorum RFPA_313.02 > 14km SO Tuclame 455m/Cordoba/Argentine [AL/25] | D10: - | E10: 20g | F10: 1,3€ | G10: 5,2€ | I10: Nouvelle ref/New entry 2025-11-08 | J10: ACANTHOCALYCIUM Groupe A. spiniflorum (populations du sud) | K10: 10
B11: 14191 | C11: spiniflorum RFPA_319.02 > 4km E. Tala Canadá-R28 1445m/Cordoba/Argentine [AL/25] | D11: - | E11: 20g | F11: 1,3€ | G11: 5,2€ | I11: Nouvelle ref/New entry 2025-11-08 | J11: ACANTHOCALYCIUM Groupe A. spiniflorum (populations du sud) | K11: 11
B12: 14192 | C12: spiniflorum v. macranthum RFPA_703.02 > 4km W. Ramblones 432m/Catamarca/Argentine [AL/25] | D12: - | E12: 20g | F12: 1,3€ | G12: 5,2€ | I12: Nouvelle ref/New entry 2025-11-08 | J12: ACANTHOCALYCIUM Groupe A. spiniflorum (populations du sud) | K12: 12
B13: 7 | C13: violaceum [SNHF/89] | D13: s-5 à 6-d5-25 | E13: 20g | F13: 1,2€ | G13: 4,8€ | H13: Photo | J13: ACANTHOCALYCIUM Groupe A. spiniflorum (populations du sud) | K13: 13
B14: 1875 | C14: violaceum P_204 > Cordoba 1550m/Argentine [MG_6.3/97] | D14: s-5 à 6-d5-25 | E14: 20g | F14: 1,3€ | G14: 5,2€ | H14: Photo | J14: ACANTHOCALYCIUM Groupe A. spiniflorum (populations du sud) | K14: 14
B15: ACANTHOCALYCIUM Groupe A. thionanthum (populations du nord) | J15: ACANTHOCALYCIUM Groupe A. thionanthum (populations du nord) | K15: 15
B16: 1876 | C16: brevispinum (ex. predispidum) [HZ/90] | D16: s-6-d5-25 | E16: 20g | F16: 1,2€ | G16: 4,8€ | H16: Photo | I16: Nouvelle ref/New entry 2025-11-08 | J16: ACANTHOCALYCIUM Groupe A. thionanthum (populations du nord) | K16: 16
B17: 9955 | C17: brevispinum P_42 > Rio Santa Maria/Catamarca/Argentine [Pz_4110/09] | D17: s-5-d6-25 | E17: 20g | F17: 1,3€ | H17: Photo | J17: ACANTHOCALYCIUM Groupe A. thionanthum (populations du nord) | K17: 17
B18: 1877 | C18: catamarcensis [AI_1/88] | D18: s-6-d5-25 | E18: 20g | F18: 1,2€ | G18: 4,8€ | H18: Photo | J18: ACANTHOCALYCIUM Groupe A. thionanthum (populations du nord) | K18: 18
B19: 6528 | C19: chionanthum P_67 > Portrero 2500m/Salta/Argentine [GK_1872/92] | D19: s-5-d4-25 | E19: 10g | F19: 1,1€ | H19: Photo | J19: ACANTHOCALYCIUM Groupe A. thionanthum (populations du nord) | K19: 19
B20: 8 | C20: erythranthum [HZ/90_pro_parte_1] | D20: s-5 à 6-d4-25 | E20: 20g | F20: 1,2€ | G20: 4,8€ | H20: Photo | J20: ACANTHOCALYCIUM Groupe A. thionanthum (populations du nord) | K20: 20
B21: 10501 | C21: erythranthum aiguillons jaunes [HZ/90_pro_parte_2] | D21: s-5 à 6-d4-25 | E21: 20g | F21: 1,2€ | G21: 4,8€ | H21: Photo | J21: ACANTHOCALYCIUM Groupe A. thionanthum (populations du nord) | K21: 21
B22: 9 | C22: ferrarii [HZ/90] | D22: s-5 à 6-d4-25 | E22: 20g | F22: 1,5€ | H22: Photo | I22: Nouvelle ref/New entry 2025-11-08 | J22: ACANTHOCALYCIUM Groupe A. thionanthum (populations du nord) | K22: 22
B23: 10 | C23: ferrarii [MG_546.426/91] | D23: s-5 à 6-d4-25 | E23: 20g | F23: 1,5€ | G23: 6€ | H23: Photo | J23: ACANTHOCALYCIUM Groupe A. thionanthum (populations du nord) | K23: 23
B24: 11 | C24: glaucum [HZ/90] | D24: s-5 à 6-d3-25 | E24: 20g | F24: 1,5€ | G24: 6€ | H24: Photo | J24: ACANTHOCALYCIUM Groupe A. thionanthum (populations du nord) | K24: 24
B25: 12 | C25: glaucum [SW_1000/90] | D25: s-6-d3-25 | E25: 20g | F25: 1,5€ | G25: 6€ | H25: Photo | J25: ACANTHOCALYCIUM Groupe A. thionanthum (populations du nord) | K25: 25
B26: 13 | C26: glaucum v. rubriflorum [DH_1197/91] | D26: s-5 à 6-d3-25 | E26: 20g | F26: 1,5€ | H26: Photo | J26: ACANTHOCALYCIUM Groupe A. thionanthum (populations du nord) | K26: 26
B27: 14 | C27: griseum P_144 > Punta de Ballasto 2100m/Catamarca/Argentine [GK_4579/90] | D27: s-5 à 6-d3-25 | E27: 20g | F27: 1,3€ | G27: 5,2€ | H27: Photo | J27: ACANTHOCALYCIUM Groupe A. thionanthum (populations du nord) | K27: 27
B28: 11049 | C28: hoevenii HV_1563 > Santa Barbara/Salta/Argentine [LBt_1035/15] | D28: s-5-d3-25 | E28: 20g | F28: 1,3€ | G28: 5,2€ | H28: Photo | J28: ACANTHOCALYCIUM Groupe A. thionanthum (populations du nord) | K28: 28
B29: 8795 | C29: kuehhasii BLMT_409.01 > Carrizal/La Rioja/Argentine [SS_4043/10] | D29: s-6-d4-25 | E29: 20g | F29: 1,3€ | H29: Photo | J29: ACANTHOCALYCIUM Groupe A. thionanthum (populations du nord) | K29: 29
B30: 7565 | C30: kuehhasii WR_817b (ex A. australis) > Carrizal/La Rioja/Argentine [GK_4588/09] | D30: s-5-d4-25 | E30: 20g | F30: 1,3€ | G30: 5,2€ | H30: Photo | J30: ACANTHOCALYCIUM Groupe A. thionanthum (populations du nord) | K30: 30
B31: 15 | C31: munitum [GK_4581/90] | D31: s-5 à 8-d3-25 | E31: 20g | F31: 1,2€ | G31: 4,8€ | H31: Photo | J31: ACANTHOCALYCIUM Groupe A. thionanthum (populations du nord) | K31: 31
B32: 6378 | C32: thionanthum AW_224 > N. Cafayate/Argentine [ChL/11] | D32: s/f-5-d4-25 | E32: 20g | F32: 1,3€ | G32: 5,2€ | H32: Photo | J32: ACANTHOCALYCIUM Groupe A. thionanthum (populations du nord) | K32: 32
B33: 14216 | C33: thionanthum RFPA_1031.01 > E. Aguas de Ramon 414m/Cordoba/Argentine [BJ/25] | D33: - | E33: 20g | F33: 1,3€ | I33: Nouvelle ref/New entry 2025-11-08 | J33: ACANTHOCALYCIUM Groupe A. thionanthum (populations du nord) | K33: 33
B34: 14310 | C34: thionanthum RFPA_1063.05 > N. Cafayate 1692m/Salta/Argentine [BJ/25] | D34: - | E34: 20g | F34: 1,3€ | G34: 5,2€ | I34: Nouvelle ref/New entry 2025-11-08 | J34: ACANTHOCALYCIUM Groupe A. thionanthum (populations du nord) | K34: 34
B35: 14193 | C35: thionanthum RFPA_1063.05 > N. Cafayate 1692m/Salta/Argentine [OA/25] | D35: - | E35: 20g | F35: 1,3€ | I35: Nouvelle ref/New entry 2025-11-08 | J35: ACANTHOCALYCIUM Groupe A. thionanthum (populations du nord) | K35: 35
B36: 14194 | C36: thionanthum RFPA_1064.01 > N. Cafayate 1678m/Salta/Argentine [OA/25] | D36: - | E36: 20g | F36: 1,3€ | G36: 5,2€ | I36: Nouvelle ref/New entry 2025-11-08 | J36: ACANTHOCALYCIUM Groupe A. thionanthum (populations du nord) | K36: 36
B37: 14446 | C37: thionanthum RFPA_1065.04 > N. Cafayate 1845m/Salta/Argentine [BJ/25] | D37: - | E37: 20g | F37: 1,3€ | I37: Nouvelle ref/New entry 2025-11-08 | J37: ACANTHOCALYCIUM Groupe A. thionanthum (populations du nord) | K37: 37
B38: 14195 | C38: thionanthum RFPA_1065.04 > N. Cafayate 1845m/Salta/Argentine [OA/25] | D38: - | E38: 20g | F38: 1,3€ | G38: 5,2€ | I38: Nouvelle ref/New entry 2025-11-08 | J38: ACANTHOCALYCIUM Groupe A. thionanthum (populations du nord) | K38: 38
B39: 14196 | C39: thionanthum RFPA_1065.04 > N. Cafayate 1845m/Salta/Argentine [TG/25] | D39: - | E39: 20g | F39: 1,3€ | G39: 5,2€ | H39: Photo | I39: Nouvelle ref/New entry 2025-11-08 | J39: ACANTHOCALYCIUM Groupe A. thionanthum (populations du nord) | K39: 39
B40: 14478 | C40: thionanthum RFPA_1066.04 > N. Cafayate 1882m/Salta/Argentine [BJ/25] | D40: - | E40: 20g | F40: 1,3€ | G40: 5,2€ | I40: Nouvelle ref/New entry 2025-11-08 | J40: ACANTHOCALYCIUM Groupe A. thionanthum (populations du nord) | K40: 40
B41: 14197 | C41: thionanthum RFPA_1068.03 > N. Molinos 2207m/Salta/Argentine [OA/25] | D41: - | E41: 20g | F41: 1,3€ | G41: 5,2€ | I41: Nouvelle ref/New entry 2025-11-08 | J41: ACANTHOCALYCIUM Groupe A. thionanthum (populations du nord) | K41: 41
B42: 14198 | C42: thionanthum RFPA_1072.04 > W. Seclantas 2293m/Salta/Argentine [OA/25] | D42: - | E42: 20g | F42: 1,3€ | G42: 5,2€ | I42: Nouvelle ref/New entry 2025-11-08 | J42: ACANTHOCALYCIUM Groupe A. thionanthum (populations du nord) | K42: 42
B43: 14479 | C43: thionanthum RFPA_1074.02 > W. Seclantas 2518m/Salta/Argentine [BJ/25] | D43: - | E43: 20g | F43: 1,3€ | G43: 5,2€ | I43: Nouvelle ref/New entry 2025-11-08 | J43: ACANTHOCALYCIUM Groupe A. thionanthum (populations du nord) | K43: 43
B44: 14480 | C44: thionanthum RFPA_1077.03 > E. Payogasta 2802m/Salta/Argentine [BJ/25] | D44: - | E44: 20g | F44: 1,3€ | G44: 5,2€ | I44: Nouvelle ref/New entry 2025-11-08 | J44: ACANTHOCALYCIUM Groupe A. thionanthum (populations du nord) | K44: 44
B45: 14199 | C45: thionanthum RFPA_1112.05 > Qda de las Conchas 1532m/Salta/Argentine [OA/25] | D45: - | E45: 20g | F45: 1,3€ | G45: 5,2€ | I45: Nouvelle ref/New entry 2025-11-08 | J45: ACANTHOCALYCIUM Groupe A. thionanthum (populations du nord) | K45: 45
B46: 14200 | C46: thionanthum RFPA_1114.03 > N. Tolombon 1622m/Salta/Argentine [TG/25] | D46: - | E46: 20g | F46: 1,3€ | G46: 5,2€ | H46: Photo | I46: Nouvelle ref/New entry 2025-11-08 | J46: ACANTHOCALYCIUM Groupe A. thionanthum (populations du nord) | K46: 46
B47: 16 | C47: thionanthum v. copiapoides P_54 > Quebrada de Cafayate 1600m/Salta/Argentine [GK_4578/90] | D47: s-5 à 6-d5-25 | E47: 20g | F47: 1,3€ | G47: 5,2€ | H47: Photo | J47: ACANTHOCALYCIUM Groupe A. thionanthum (populations du nord) | K47: 47
B48: 17 | C48: variiflorum [DH_100/92] | D48: s-5 à 6-d4-25 | E48: 20g | F48: 1,2€ | H48: Photo | J48: ACANTHOCALYCIUM Groupe A. thionanthum (populations du nord) | K48: 48
B49: 7672 | C49: variiflorum P_48 > Amaicha del Valle 2300m/Tucuman/Argentine [GK_1871/96] | D49: s-6-d4-25 | E49: 20g | F49: 1,3€ | H49: Photo | J49: ACANTHOCALYCIUM Groupe A. thionanthum (populations du nord) | K49: 49
B50: 18 | C50: variiflorum P_48a > Cumbres Calchaquies 2600/Tucuman/Argentine [GK_4577/90] | D50: s-6-d4-25 | E50: 20g | F50: 1,3€ | G50: 5,2€ | H50: Photo | J50: ACANTHOCALYCIUM Groupe A. thionanthum (populations du nord) | K50: 50
B51: ACANTHOCEREUS | J51: ACANTHOCEREUS | K51: 51
B52: 9455 | C52: maculatus (Peniocereus) [RM/JM/12] | D52: s-6 à 7-h100-25 | E52: 10g | F52: 1,7€ | H52: Photo | J52: ACANTHOCEREUS | K52: 52
B53: 10014 | C53: serpentinus (Nyctocereus/Peniocereus) [RM/JM/13] | D53: s-6 à 8-h100-25 | E53: 10g | F53: 1,7€ | H53: Photo | J53: ACANTHOCEREUS | K53: 53
B54: ACHARAGMA (ex Escobaria/Gymnocactus) | J54: ACHARAGMA (ex Escobaria/Gymnocactus) | K54: 54
B55: 20 | C55: aguirreanum | D55: s-2 à 3-d2-25 | E55: 20g | F55: 1,2€ | G55: 4,8€ | H55: Photo | J55: ACHARAGMA (ex Escobaria/Gymnocactus) | K55: 55
B56: 19 | C56: aguirreanum [DH_444/97] | D56: s-3-d2-25 | E56: 20g | F56: 1,2€ | H56: Photo | J56: ACHARAGMA (ex Escobaria/Gymnocactus) | K56: 56
B57: 7566 | C57: huasteca [JS/12] | D57: s-3 à 4-d2-25 | E57: 20g | F57: 2,2€ | H57: Photo | J57: ACHARAGMA (ex Escobaria/Gymnocactus) | K57: 57
B58: 11003 | C58: huasteca [RM/JM/13] | D58: s-3 à 4-d2-25 | E58: 20g | F58: 2,2€ | G58: 8,8€ | H58: Photo | J58: ACHARAGMA (ex Escobaria/Gymnocactus) | K58: 58
B59: 21 | C59: roseanum [DH_541/90] | D59: s-3 à 5-d3-25 | E59: 20g | F59: 1,4€ | G59: 5,6€ | H59: Photo | J59: ACHARAGMA (ex Escobaria/Gymnocactus) | K59: 59
B60: 22 | C60: roseanum SB_277 > Los Imagines/COAH/Mexique [MG_390.22/97] | D60: s-4 à 5-d3-25 | E60: 20g | F60: 1,5€ | G60: 6€ | H60: Photo | J60: ACHARAGMA (ex Escobaria/Gymnocactus) | K60: 60
B61: 23 | C61: roseanum SB_459 > Higueras/COAH/Mexique [MG_390.24/97] | D61: s-3 à 5-d3-25 | E61: 20g | F61: 1,5€ | G61: 6€ | H61: Photo | J61: ACHARAGMA (ex Escobaria/Gymnocactus) | K61: 61
B62: 8251 | C62: roseanum v. robustior [JM/08] | D62: s-4 à 5-d4-25 | E62: 5g | F62: 1,8€ | H62: Photo | J62: ACHARAGMA (ex Escobaria/Gymnocactus) | K62: 62
B63: 2728 | C63: roseanum ssp. galleanense | D63: s-3 à 4-h5/d2-25 | E63: 10g | F63: 1,8€ | H63: Photo | J63: ACHARAGMA (ex Escobaria/Gymnocactus) | K63: 63
B64: ANCISTROCACTUS | J64: ANCISTROCACTUS | K64: 64
B65: 25 | C65: brevihamatus SB_317 > Del Rio/TX/USA [MG_7/97] | D65: s-3-h6-25 | E65: 10g | F65: 1,2€ | H65: Photo | I65: Nouvelle ref/New entry 2025-11-08 | J65: ANCISTROCACTUS | K65: 65
B66: 13997 | C66: pinkavanus > Cuatrocienagas/COAH/Mexique [MG_14/16/17] | D66: s-4-d2-25 | E66: 10g | F66: 1,1€ | I66: Nouvelle ref/New entry 2025-11-08 | J66: ANCISTROCACTUS | K66: 66
B67: 13899 | C67: pinkavanus > Cuatrocienagas/COAH/Mexique [SS_7461/21] | D67: s-3-d2-25 | E67: 10g | F67: 1,1€ | G67: 8,8€ | H67: Photo | I67: Nouvelle ref/New entry 2025-11-08 | J67: ANCISTROCACTUS | K67: 67
B68: 28 | C68: scheeri SB_460 > Monclova/COAH/Mexique [MG_12/97] | D68: s-3-d4-25 | E68: 20g | F68: 1,5€ | G68: 6€ | H68: Photo | I68: Nouvelle ref/New entry 2025-11-08 | J68: ANCISTROCACTUS | K68: 68
B69: 10423 | C69: scheeri SB_862 > Webb County/TX/USA [MG_13/96] | D69: s-3 à 4-h10-25 | E69: 20g | F69: 1,5€ | G69: 6€ | H69: Photo | J69: ANCISTROCACTUS | K69: 69
B70: 30 | C70: tobuschii [GK_24/95] | D70: s-2-d4-25 | E70: 3g | F70: 1,3€ | H70: Photo | I70: Nouvelle ref/New entry 2025-11-08 | J70: ANCISTROCACTUS | K70: 70
B71: APOROCACTUS | J71: APOROCACTUS | K71: 71
B72: 14037 | C72: conzattii > OAX/Mexique | D72: s-5-l100-25 | E72: 20g | F72: 1,3€ | G72: 5,2€ | I72: Nouvelle ref/New entry 2025-11-08 | J72: APOROCACTUS | K72: 72
B73: 10378 | C73: flagelliformis ISI_90.01_x_std [PCO/10] | D73: s-4-l100-25 | E73: 20g | F73: 1,5€ | G73: 6€ | J73: APOROCACTUS | K73: 73
B74: 7072 | C74: flagelliformis std_x_ISI_90.01 [PCO/10] | D74: s-4-l100-25 | E74: 20g | F74: 1,5€ | H74: Photo | J74: APOROCACTUS | K74: 74
B75: 13181 | C75: martianus | D75: s-5 à 6-l100-25 | E75: 20g | F75: 2€ | G75: 8€ | H75: Photo | J75: APOROCACTUS | K75: 75
B76: AREQUIPA | J76: AREQUIPA | K76: 76
B77: 9061 | C77: hempeliana > E. Arequipa/Pérou [FVDB/00] | D77: s-9 à 11-l50-25 | E77: 10g | F77: 1,2€ | H77: Photo | J77: AREQUIPA | K77: 77
B78: 12373 | C78: hempeliana PM_466_(Z) > 5km N. Arequipa/Pérou [GC/PM/98] | D78: s-10-h30-25 | E78: 10g | F78: 1,2€ | H78: Photo | J78: AREQUIPA | K78: 78
B79: 8414 | C79: hempeliana v. australis | D79: s-5 à 9-d8-25 | E79: 10g | F79: 1,1€ | J79: AREQUIPA | K79: 79
B80: 3350 | C80: hempeliana v. australis (PCO_1061-12 x PCO_1061-01) > W. Zapahuira/Arica-Putre/Tarapaca/Pérou [PCO/06] | D80: s-5 à 9-h15-25 | E80: 5g | F80: 1,2€ | H80: Photo | I80: Nouvelle ref/New entry 2025-11-08 | J80: AREQUIPA | K80: 80
B81: 9510 | C81: hempeliana v. australis PCO_1061-01 > W. Zapahuira/Arica-Putre/Tarapaca/Pérou [PCO/06] | D81: s-6 à 7-h15-25 | E81: 20g | F81: 1,5€ | H81: Photo | J81: AREQUIPA | K81: 81
B82: ARIOCARPUS | J82: ARIOCARPUS | K82: 82
B83: 31 | C83: agavoides [DH_1090/90] | D83: s-10-d4-25 | E83: 20g | F83: 1,7€ | G83: 6,8€ | H83: Photo | J83: ARIOCARPUS | K83: 83
B84: 32 | C84: agavoides > Tula/TAMPS/Mexique [GK_1230/90] | D84: s-9 à 10-d4-25 | E84: 20g | F84: 1,8€ | G84: 7,2€ | H84: Photo | J84: ARIOCARPUS | K84: 84
B85: 11254 | C85: agavoides ssp. sanluisensis VM_804 > San Isidro/Guadalcazar/SLP/Mexique [GCG/12] | D85: s-9 à 10-d3-25 | E85: 10g | F85: 1,5€ | H85: Photo | J85: ARIOCARPUS | K85: 85
B86: 11117 | C86: agavoides ssp. sanluisensis VM_804 > San Isidro/Guadalcazar/SLP/Mexique [GCG/18] | D86: s-9 à 10-d3-25 | E86: 5g | F86: 1,5€ | H86: Photo | I86: Nouvelle ref/New entry 2025-11-08 | J86: ARIOCARPUS | K86: 86
B87: 1885 | C87: bravoanus [GK_33/99] | D87: s-10-d4-25 | E87: 20g | F87: 2,3€ | G87: 9,2€ | H87: Photo | J87: ARIOCARPUS | K87: 87
B88: 14494 | C88: confusus [CS/GK_35/98/25] | D88: - | E88: 20g | F88: 1,5€ | G88: 6€ | I88: Nouvelle ref/New entry 2025-11-08 | J88: ARIOCARPUS | K88: 88
B89: 2783 | C89: confusus [GK_35/98] | D89: s-10-d8-25 | E89: 20g | F89: 1,5€ | G89: 6€ | H89: Photo | J89: ARIOCARPUS | K89: 89
B90: 2945 | C90: fissuratus [DH_995/95] | D90: s-9 à 10-d5-25 | E90: 20g | F90: 1,7€ | G90: 6,8€ | H90: Photo | J90: ARIOCARPUS | K90: 90
B91: 1888 | C91: fissuratus petites plantes [MG_26/95] | D91: s-9 à 10-d5-25 | E91: 20g | F91: 1,7€ | G91: 6,8€ | H91: Photo | J91: ARIOCARPUS | K91: 91
B92: 1886 | C92: fissuratus plantes très plates [SW_9004/95] | D92: s-9 à 10-d5-25 | E92: 20g | F92: 1,7€ | G92: 6,8€ | H92: Photo | J92: ARIOCARPUS | K92: 92
B93: 1887 | C93: fissuratus taille variable [DH_1004/96] | D93: s-9 à 10-d5-25 | E93: 20g | F93: 1,7€ | G93: 6,8€ | H93: Photo | J93: ARIOCARPUS | K93: 93
B94: 2947 | C94: fissuratus fa. intermedius (ex A. lloydii) [DH_1000/95] | D94: s-8 à 9-d4-25 | E94: 20g | F94: 1,4€ | G94: 5,6€ | H94: Photo | J94: ARIOCARPUS | K94: 94
B95: 2963 | C95: fissuratus fa. intermedius SB_503 > Cuatrocienagas/COAH/Mexique [MG_29/96] | D95: s-9 à 10-d5-25 | E95: 20g | F95: 1,5€ | G95: 6€ | H95: Photo | J95: ARIOCARPUS | K95: 95
B96: 1889 | C96: fissuratus v. hintonii [DH_1005/96] | D96: s-9 à 10-d5-25 | E96: 20g | F96: 1,7€ | H96: Photo | J96: ARIOCARPUS | K96: 96
B97: 2946 | C97: fissuratus v. hintonii [DH_996/95] | D97: s-8 à 9-d4-25 | E97: 20g | F97: 1,7€ | H97: Photo | J97: ARIOCARPUS | K97: 97
B98: 2948 | C98: fissuratus v. lloydii [DH_1009/96] | D98: s-8 à 9-d4-25 | E98: 20g | F98: 1,8€ | H98: Photo | J98: ARIOCARPUS | K98: 98
B99: 5211 | C99: furfuraceus [SW_4212/98_pro_parte2] | D99: s-10-d8-25 | E99: 20g | F99: 1,7€ | G99: 6,8€ | H99: Photo | J99: ARIOCARPUS | K99: 99
B100: 33 | C100: furfuraceus grandes fleurs [GK_41/91] | D100: s-9-d9-25 | E100: 20g | F100: 1,7€ | G100: 6,8€ | H100: Photo | J100: ARIOCARPUS | K100: 100
...

Sheet Pour commander (FR)
A1: Adresses de commande : ADBLPS BP 35 F-89140 PONT SUR YONNE info@adblps-graines-cactus.com | B1: Réduction de 10% sur les graines pour la 1ere commande de chaque adhérent AJEM/ARIDES/SSF (indiquer le n° de membre) SIRET : 492 470 497 00016 TVA Intracommunautaire : FR 4149 2470 497 | F1: Enveloppe matelassée
A2: Adresse de livraison : | F2: Petite boite
A3: Moyens de payement : cheque (à l'ordre de ADBLPS) paypal (3% de frais) virement bancaire
A5: ADBLPS enverra un email avec le devis correspodant au stock disponible. Les expéditions sont effectuées après reception du payement du devis.
A7: Référence | B7: Nb sachets de base | C7: Nb sachets de 100 graines | D7: Montant unitaire (calculé) | E7: Montant Total (calculé)
A8: 1874 | B8: 1 | D8: =+IF(B8>0,VLOOKUP(A8,'Liste ADBLPS 2025'!B:G,5,0),IF(C8>0,VLOOKUP(A8,'Liste ADBLPS 2025'!B:G,6,0),"")) -> 1,3€ | E8: =+IF(B8>0,IFERROR(B8*D8,B8*SUBSTITUTE(D8,",",".")),IF(C8>0,IFERROR(C8*D8,C8*SUBSTITUTE(D8,",",".")),"")) -> 1.3 | F8: Exemple | G8: =IF(A8>0,VLOOKUP(A8,'Liste ADBLPS 2025'!B:J,9,0),"") -> ACANTHOCALYCIUM Groupe A. spiniflorum (populations du sud) | H8: =IF(A8>0,VLOOKUP(A8,'Liste ADBLPS 2025'!B:C,2,0),"") -> peitscherianum aff. DJF_241 > N. Salsacate/Argentine [MG_3.34/97]
D9: =+IF(B9>0,VLOOKUP(A9,'Liste ADBLPS 2025'!B:G,5,0),IF(C9>0,VLOOKUP(A9,'Liste ADBLPS 2025'!B:G,6,0),"")) | E9: =+IF(B9>0,IFERROR(B9*D9,B9*SUBSTITUTE(D9,",",".")),IF(C9>0,IFERROR(C9*D9,C9*SUBSTITUTE(D9,",",".")),"")) | G9: =IF(A9>0,VLOOKUP(A9,'Liste ADBLPS 2025'!B:J,9,0),"") | H9: =IF(A9>0,VLOOKUP(A9,'Liste ADBLPS 2025'!B:C,2,0),"")
D10: =+IF(B10>0,VLOOKUP(A10,'Liste ADBLPS 2025'!B:G,5,0),IF(C10>0,VLOOKUP(A10,'Liste ADBLPS 2025'!B:G,6,0),"")) | E10: =+IF(B10>0,IFERROR(B10*D10,B10*SUBSTITUTE(D10,",",".")),IF(C10>0,IFERROR(C10*D10,C10*SUBSTITUTE(D10,",",".")),"")) | G10: =IF(A10>0,VLOOKUP(A10,'Liste ADBLPS 2025'!B:J,9,0),"") | H10: =IF(A10>0,VLOOKUP(A10,'Liste ADBLPS 2025'!B:C,2,0),"")
D11: =+IF(B11>0,VLOOKUP(A11,'Liste ADBLPS 2025'!B:G,5,0),IF(C11>0,VLOOKUP(A11,'Liste ADBLPS 2025'!B:G,6,0),"")) | E11: =+IF(B11>0,IFERROR(B11*D11,B11*SUBSTITUTE(D11,",",".")),IF(C11>0,IFERROR(C11*D11,C11*SUBSTITUTE(D11,",",".")),"")) | G11: =IF(A11>0,VLOOKUP(A11,'Liste ADBLPS 2025'!B:J,9,0),"") | H11: =IF(A11>0,VLOOKUP(A11,'Liste ADBLPS 2025'!B:C,2,0),"")
D12: =+IF(B12>0,VLOOKUP(A12,'Liste ADBLPS 2025'!B:G,5,0),IF(C12>0,VLOOKUP(A12,'Liste ADBLPS 2025'!B:G,6,0),"")) | E12: =+IF(B12>0,IFERROR(B12*D12,B12*SUBSTITUTE(D12,",",".")),IF(C12>0,IFERROR(C12*D12,C12*SUBSTITUTE(D12,",",".")),"")) | G12: =IF(A12>0,VLOOKUP(A12,'Liste ADBLPS 2025'!B:J,9,0),"") | H12: =IF(A12>0,VLOOKUP(A12,'Liste ADBLPS 2025'!B:C,2,0),"")
D13: =+IF(B13>0,VLOOKUP(A13,'Liste ADBLPS 2025'!B:G,5,0),IF(C13>0,VLOOKUP(A13,'Liste ADBLPS 2025'!B:G,6,0),"")) | E13: =+IF(B13>0,IFERROR(B13*D13,B13*SUBSTITUTE(D13,",",".")),IF(C13>0,IFERROR(C13*D13,C13*SUBSTITUTE(D13,",",".")),"")) | G13: =IF(A13>0,VLOOKUP(A13,'Liste ADBLPS 2025'!B:J,9,0),"") | H13: =IF(A13>0,VLOOKUP(A13,'Liste ADBLPS 2025'!B:C,2,0),"")
D14: =+IF(B14>0,VLOOKUP(A14,'Liste ADBLPS 2025'!B:G,5,0),IF(C14>0,VLOOKUP(A14,'Liste ADBLPS 2025'!B:G,6,0),"")) | E14: =+IF(B14>0,IFERROR(B14*D14,B14*SUBSTITUTE(D14,",",".")),IF(C14>0,IFERROR(C14*D14,C14*SUBSTITUTE(D14,",",".")),"")) | G14: =IF(A14>0,VLOOKUP(A14,'Liste ADBLPS 2025'!B:J,9,0),"") | H14: =IF(A14>0,VLOOKUP(A14,'Liste ADBLPS 2025'!B:C,2,0),"")
D15: =+IF(B15>0,VLOOKUP(A15,'Liste ADBLPS 2025'!B:G,5,0),IF(C15>0,VLOOKUP(A15,'Liste ADBLPS 2025'!B:G,6,0),"")) | E15: =+IF(B15>0,IFERROR(B15*D15,B15*SUBSTITUTE(D15,",",".")),IF(C15>0,IFERROR(C15*D15,C15*SUBSTITUTE(D15,",",".")),"")) | G15: =IF(A15>0,VLOOKUP(A15,'Liste ADBLPS 2025'!B:J,9,0),"") | H15: =IF(A15>0,VLOOKUP(A15,'Liste ADBLPS 2025'!B:C,2,0),"")
D16: =+IF(B16>0,VLOOKUP(A16,'Liste ADBLPS 2025'!B:G,5,0),IF(C16>0,VLOOKUP(A16,'Liste ADBLPS 2025'!B:G,6,0),"")) | E16: =+IF(B16>0,IFERROR(B16*D16,B16*SUBSTITUTE(D16,",",".")),IF(C16>0,IFERROR(C16*D16,C16*SUBSTITUTE(D16,",",".")),"")) | G16: =IF(A16>0,VLOOKUP(A16,'Liste ADBLPS 2025'!B:J,9,0),"") | H16: =IF(A16>0,VLOOKUP(A16,'Liste ADBLPS 2025'!B:C,2,0),"")
D17: =+IF(B17>0,VLOOKUP(A17,'Liste ADBLPS 2025'!B:G,5,0),IF(C17>0,VLOOKUP(A17,'Liste ADBLPS 2025'!B:G,6,0),"")) | E17: =+IF(B17>0,IFERROR(B17*D17,B17*SUBSTITUTE(D17,",",".")),IF(C17>0,IFERROR(C17*D17,C17*SUBSTITUTE(D17,",",".")),"")) | G17: =IF(A17>0,VLOOKUP(A17,'Liste ADBLPS 2025'!B:J,9,0),"") | H17: =IF(A17>0,VLOOKUP(A17,'Liste ADBLPS 2025'!B:C,2,0),"")
D18: =+IF(B18>0,VLOOKUP(A18,'Liste ADBLPS 2025'!B:G,5,0),IF(C18>0,VLOOKUP(A18,'Liste ADBLPS 2025'!B:G,6,0),"")) | E18: =+IF(B18>0,IFERROR(B18*D18,B18*SUBSTITUTE(D18,",",".")),IF(C18>0,IFERROR(C18*D18,C18*SUBSTITUTE(D18,",",".")),"")) | G18: =IF(A18>0,VLOOKUP(A18,'Liste ADBLPS 2025'!B:J,9,0),"") | H18: =IF(A18>0,VLOOKUP(A18,'Liste ADBLPS 2025'!B:C,2,0),"")
D19: =+IF(B19>0,VLOOKUP(A19,'Liste ADBLPS 2025'!B:G,5,0),IF(C19>0,VLOOKUP(A19,'Liste ADBLPS 2025'!B:G,6,0),"")) | E19: =+IF(B19>0,IFERROR(B19*D19,B19*SUBSTITUTE(D19,",",".")),IF(C19>0,IFERROR(C19*D19,C19*SUBSTITUTE(D19,",",".")),"")) | G19: =IF(A19>0,VLOOKUP(A19,'Liste ADBLPS 2025'!B:J,9,0),"") | H19: =IF(A19>0,VLOOKUP(A19,'Liste ADBLPS 2025'!B:C,2,0),"")
D20: =+IF(B20>0,VLOOKUP(A20,'Liste ADBLPS 2025'!B:G,5,0),IF(C20>0,VLOOKUP(A20,'Liste ADBLPS 2025'!B:G,6,0),"")) | E20: =+IF(B20>0,IFERROR(B20*D20,B20*SUBSTITUTE(D20,",",".")),IF(C20>0,IFERROR(C20*D20,C20*SUBSTITUTE(D20,",",".")),"")) | G20: =IF(A20>0,VLOOKUP(A20,'Liste ADBLPS 2025'!B:J,9,0),"") | H20: =IF(A20>0,VLOOKUP(A20,'Liste ADBLPS 2025'!B:C,2,0),"")
... D41: =+IF(B41>0,VLOOKUP(A41,'Liste ADBLPS 2025'!B:G,5,0),IF(C41>0,VLOOKUP(A41,'Liste ADBLPS 2025'!B:G,6,0),"")) | E41: =+IF(B41>0,IFERROR(B41*D41,B41*SUBSTITUTE(D41,",",".")),IF(C41>0,IFERROR(C41*D41,C41*SUBSTITUTE(D41,",",".")),"")) | G41: =IF(A41>0,VLOOKUP(A41,'Liste ADBLPS 2025'!B:J,9,0),"") | H41: =IF(A41>0,VLOOKUP(A41,'Liste ADBLPS 2025'!B:C,2,0),"")
D42: Total graines | E42: =SUM(E8:E41) -> 1.3
D43: Port | E43: 0
C44: Si paiement par cheque/virement | D44: TOTAL | E44: =+E43+E42 -> 1.3
C46: Si paiement Paypal | D46: Frais Paypal | E46: =+E44*0.03 -> 0.039
D47: TOTAL Paypal | E47: =+E46+E44 -> 1.339

Sheet Ordering (EN)
A1: Postal address : ADBLPS BP 35 F-89140 PONT SUR YONNE info@adblps-graines-cactus.com | B1: 10% rebate on seeds price for member of French cactus societies AJEM/ARIDES/SSF (please provide your ID SIRET : 492 470 497 00016 VAT Intracommunautaire : FR 4149 2470 497 | F1: Bubble envelope
A2: Delivery address : | F2: Box
A3: Payment : paypal (3% charge) Bank transfer
A5: ADBLPS will send you a mail with the quote according to available stock. Orders are processed after quote payment is received
A7: Reference | B7: Nb small bags | C7: Nb of large bags (100 seeds) | D7: Unit price (calculated) | E7: Total price (calculated)
A8: 1874 | B8: 1 | D8: =+IF(B8>0,VLOOKUP(A8,'Liste ADBLPS 2025'!B:G,5,0),IF(C8>0,VLOOKUP(A8,'Liste ADBLPS 2025'!B:G,6,0),"")) -> 1,3€ | E8: =+IF(B8>0,IFERROR(B8*D8,B8*SUBSTITUTE(D8,",",".")),IF(C8>0,IFERROR(C8*D8,C8*SUBSTITUTE(D8,",",".")),"")) -> 1.3 | F8: Example | G8: =IF(A8>0,VLOOKUP(A8,'Liste ADBLPS 2025'!B:J,9,0),"") -> ACANTHOCALYCIUM Groupe A. spiniflorum (populations du sud) | H8: =IF(A8>0,VLOOKUP(A8,'Liste ADBLPS 2025'!B:C,2,0),"") -> peitscherianum aff. DJF_241 > N. Salsacate/Argentine [MG_3.34/97]
D9: =+IF(B9>0,VLOOKUP(A9,'Liste ADBLPS 2025'!B:G,5,0),IF(C9>0,VLOOKUP(A9,'Liste ADBLPS 2025'!B:G,6,0),"")) | E9: =+IF(B9>0,IFERROR(B9*D9,B9*SUBSTITUTE(D9,",",".")),IF(C9>0,IFERROR(C9*D9,C9*SUBSTITUTE(D9,",",".")),"")) | G9: =IF(A9>0,VLOOKUP(A9,'Liste ADBLPS 2025'!B:J,9,0),"") | H9: =IF(A9>0,VLOOKUP(A9,'Liste ADBLPS 2025'!B:C,2,0),"")
D10: =+IF(B10>0,VLOOKUP(A10,'Liste ADBLPS 2025'!B:G,5,0),IF(C10>0,VLOOKUP(A10,'Liste ADBLPS 2025'!B:G,6,0),"")) | E10: =+IF(B10>0,IFERROR(B10*D10,B10*SUBSTITUTE(D10,",",".")),IF(C10>0,IFERROR(C10*D10,C10*SUBSTITUTE(D10,",",".")),"")) | G10: =IF(A10>0,VLOOKUP(A10,'Liste ADBLPS 2025'!B:J,9,0),"") | H10: =IF(A10>0,VLOOKUP(A10,'Liste ADBLPS 2025'!B:C,2,0),"")
D11: =+IF(B11>0,VLOOKUP(A11,'Liste ADBLPS 2025'!B:G,5,0),IF(C11>0,VLOOKUP(A11,'Liste ADBLPS 2025'!B:G,6,0),"")) | E11: =+IF(B11>0,IFERROR(B11*D11,B11*SUBSTITUTE(D11,",",".")),IF(C11>0,IFERROR(C11*D11,C11*SUBSTITUTE(D11,",",".")),"")) | G11: =IF(A11>0,VLOOKUP(A11,'Liste ADBLPS 2025'!B:J,9,0),"") | H11: =IF(A11>0,VLOOKUP(A11,'Liste ADBLPS 2025'!B:C,2,0),"")
D12: =+IF(B12>0,VLOOKUP(A12,'Liste ADBLPS 2025'!B:G,5,0),IF(C12>0,VLOOKUP(A12,'Liste ADBLPS 2025'!B:G,6,0),"")) | E12: =+IF(B12>0,IFERROR(B12*D12,B12*SUBSTITUTE(D12,",",".")),IF(C12>0,IFERROR(C12*D12,C12*SUBSTITUTE(D12,",",".")),"")) | G12: =IF(A12>0,VLOOKUP(A12,'Liste ADBLPS 2025'!B:J,9,0),"") | H12: =IF(A12>0,VLOOKUP(A12,'Liste ADBLPS 2025'!B:C,2,0),"")
D13: =+IF(B13>0,VLOOKUP(A13,'Liste ADBLPS 2025'!B:G,5,0),IF(C13>0,VLOOKUP(A13,'Liste ADBLPS 2025'!B:G,6,0),"")) | E13: =+IF(B13>0,IFERROR(B13*D13,B13*SUBSTITUTE(D13,",",".")),IF(C13>0,IFERROR(C13*D13,C13*SUBSTITUTE(D13,",",".")),"")) | G13: =IF(A13>0,VLOOKUP(A13,'Liste ADBLPS 2025'!B:J,9,0),"") | H13: =IF(A13>0,VLOOKUP(A13,'Liste ADBLPS 2025'!B:C,2,0),"")
D14: =+IF(B14>0,VLOOKUP(A14,'Liste ADBLPS 2025'!B:G,5,0),IF(C14>0,VLOOKUP(A14,'Liste ADBLPS 2025'!B:G,6,0),"")) | E14: =+IF(B14>0,IFERROR(B14*D14,B14*SUBSTITUTE(D14,",",".")),IF(C14>0,IFERROR(C14*D14,C14*SUBSTITUTE(D14,",",".")),"")) | G14: =IF(A14>0,VLOOKUP(A14,'Liste ADBLPS 2025'!B:J,9,0),"") | H14: =IF(A14>0,VLOOKUP(A14,'Liste ADBLPS 2025'!B:C,2,0),"")
D15: =+IF(B15>0,VLOOKUP(A15,'Liste ADBLPS 2025'!B:G,5,0),IF(C15>0,VLOOKUP(A15,'Liste ADBLPS 2025'!B:G,6,0),"")) | E15: =+IF(B15>0,IFERROR(B15*D15,B15*SUBSTITUTE(D15,",",".")),IF(C15>0,IFERROR(C15*D15,C15*SUBSTITUTE(D15,",",".")),"")) | G15: =IF(A15>0,VLOOKUP(A15,'Liste ADBLPS 2025'!B:J,9,0),"") | H15: =IF(A15>0,VLOOKUP(A15,'Liste ADBLPS 2025'!B:C,2,0),"")
D16: =+IF(B16>0,VLOOKUP(A16,'Liste ADBLPS 2025'!B:G,5,0),IF(C16>0,VLOOKUP(A16,'Liste ADBLPS 2025'!B:G,6,0),"")) | E16: =+IF(B16>0,IFERROR(B16*D16,B16*SUBSTITUTE(D16,",",".")),IF(C16>0,IFERROR(C16*D16,C16*SUBSTITUTE(D16,",",".")),"")) | G16: =IF(A16>0,VLOOKUP(A16,'Liste ADBLPS 2025'!B:J,9,0),"") | H16: =IF(A16>0,VLOOKUP(A16,'Liste ADBLPS 2025'!B:C,2,0),"")
D17: =+IF(B17>0,VLOOKUP(A17,'Liste ADBLPS 2025'!B:G,5,0),IF(C17>0,VLOOKUP(A17,'Liste ADBLPS 2025'!B:G,6,0),"")) | E17: =+IF(B17>0,IFERROR(B17*D17,B17*SUBSTITUTE(D17,",",".")),IF(C17>0,IFERROR(C17*D17,C17*SUBSTITUTE(D17,",",".")),"")) | G17: =IF(A17>0,VLOOKUP(A17,'Liste ADBLPS 2025'!B:J,9,0),"") | H17: =IF(A17>0,VLOOKUP(A17,'Liste ADBLPS 2025'!B:C,2,0),"")
D18: =+IF(B18>0,VLOOKUP(A18,'Liste ADBLPS 2025'!B:G,5,0),IF(C18>0,VLOOKUP(A18,'Liste ADBLPS 2025'!B:G,6,0),"")) | E18: =+IF(B18>0,IFERROR(B18*D18,B18*SUBSTITUTE(D18,",",".")),IF(C18>0,IFERROR(C18*D18,C18*SUBSTITUTE(D18,",",".")),"")) | G18: =IF(A18>0,VLOOKUP(A18,'Liste ADBLPS 2025'!B:J,9,0),"") | H18: =IF(A18>0,VLOOKUP(A18,'Liste ADBLPS 2025'!B:C,2,0),"")
D19: =+IF(B19>0,VLOOKUP(A19,'Liste ADBLPS 2025'!B:G,5,0),IF(C19>0,VLOOKUP(A19,'Liste ADBLPS 2025'!B:G,6,0),"")) | E19: =+IF(B19>0,IFERROR(B19*D19,B19*SUBSTITUTE(D19,",",".")),IF(C19>0,IFERROR(C19*D19,C19*SUBSTITUTE(D19,",",".")),"")) | G19: =IF(A19>0,VLOOKUP(A19,'Liste ADBLPS 2025'!B:J,9,0),"") | H19: =IF(A19>0,VLOOKUP(A19,'Liste ADBLPS 2025'!B:C,2,0),"")
D20: =+IF(B20>0,VLOOKUP(A20,'Liste ADBLPS 2025'!B:G,5,0),IF(C20>0,VLOOKUP(A20,'Liste ADBLPS 2025'!B:G,6,0),"")) | E20: =+IF(B20>0,IFERROR(B20*D20,B20*SUBSTITUTE(D20,",",".")),IF(C20>0,IFERROR(C20*D20,C20*SUBSTITUTE(D20,",",".")),"")) | G20: =IF(A20>0,VLOOKUP(A20,'Liste ADBLPS 2025'!B:J,9,0),"") | H20: =IF(A20>0,VLOOKUP(A20,'Liste ADBLPS 2025'!B:C,2,0),"")
... D41: =+IF(B41>0,VLOOKUP(A41,'Liste ADBLPS 2025'!B:G,5,0),IF(C41>0,VLOOKUP(A41,'Liste ADBLPS 2025'!B:G,6,0),"")) | E41: =+IF(B41>0,IFERROR(B41*D41,B41*SUBSTITUTE(D41,",",".")),IF(C41>0,IFERROR(C41*D41,C41*SUBSTITUTE(D41,",",".")),"")) | G41: =IF(A41>0,VLOOKUP(A41,'Liste ADBLPS 2025'!B:J,9,0),"") | H41: =IF(A41>0,VLOOKUP(A41,'Liste ADBLPS 2025'!B:C,2,0),"")
D42: Total seeds | E42: =SUM(E8:E41) -> 1.3
D43: P&P | E43: 0
C44: If bank transfer payment | D44: TOTAL | E44: =+E43+E42 -> 1.3
C46: If Paypal payment | D46: Paypal fee | E46: =+E44*0.03 -> 0.039
D47: TOTAL Paypal | E47: =+E46+E44 -> 1.339
